Map: Void Launch

Players

NamroodTuo

  • Race: Terran Terran
  • Spawn Location: 6:00

mevlamu

  • Race: Protoss Protoss
  • Spawn Location: 6:00

VOD

Have the link to the VOD?

Description

Time

  • Played on: March 31, 2023, 6:33 a.m.
  • Length: 25:07
Show
View Real Time Build Order
Export as new Build Order

NamroodTuo Terran 

Build Orders:  

Get SALT Encoding   

  12  0:08  SCV  
  13  0:21  SCV  
  14  0:35  SCV, Supply Depot  
  15  0:49  SCV  
  16  1:02  SCV  
  17  1:16  SCV  
  17  1:18  Factory  
  18  1:29  SCV  
  19  1:43  SCV  
  19  1:45  Engineering Bay  
  20  1:56  SCV  
  21  2:00  Armory  
  21  2:10  SCV  
  21  2:13  Refinery  
  22  2:31  Supply Depot  
  22  2:37  SCV  
  22  2:38  Refinery  
  23  2:50  SCV  
  23  2:57  Perdition Turret  
  24  3:01  Perdition Turret  
  24  3:13  Perdition Turret  
  24  3:15  SCV  
  25  3:31  Devastation Turret  
  25  3:34  Perdition Turret  
  25  3:35  Perdition Turret x2  
  25  3:41  Perdition Turret  
  25  4:00  Fire-Suppression Systems  
  25  4:48  Perdition Turret  
  25  4:58  SCV  
  26  5:10  Supply Depot  
  26  5:12  SCV  
  26  5:14  Perdition Turret  
  27  5:20  Upgrade Laser Drill Level 1  
  27  5:25  SCV  
  27  5:26  Supply Depot  
  28  5:39  SCV  
  29  5:52  SCV  
  29  5:58  Starport  
  30  6:02  Starport  
  30  6:16  Factory Tech Reactor  
  30  6:23  Regenerative Bio-Steel  
  30  6:27  SCV  
  31  6:40  SCV  
  32  6:52  Spinning Dizzy  
  32  6:54  SCV  
  33  7:03  Spinning Dizzy  
  33  7:07  SCV  
  33  7:09  Spinning Dizzy  
  34  7:28  Perdition Turret  
  34  7:40  Perdition Turret  
  34  8:00  Command Center  
  34  8:13  Upgrade Laser Drill Level 2  
  34  8:32  Perdition Turret  
  34  8:36  Starport Tech Reactor  
  34  8:37  Starport Tech Reactor  
  34  9:05  Wraith  
  34  9:06  Wraith  
  34  9:07  Wraith  
  40  9:16  Wraith  
  42  10:03  Science Vessel, Wraith  
  42  10:04  Science Vessel, Wraith  
  42  10:09  SCV  
  51  10:22  SCV  
  50  10:36  SCV  
  51  10:49  SCV  
  51  10:55  Wraith x3  
  58  11:03  SCV  
  57  11:29  Wraith  
  59  11:35  Wraith x2  
  62  11:57  Supply Depot  
  62  12:00  Supply Depot  
  62  12:01  Supply Depot  
  62  12:27  SCV, Wraith  
  62  12:28  SCV  
  66  12:30  Supply Depot  
  66  12:36  Refinery  
  66  12:40  SCV, Refinery  
  66  12:42  SCV  
  68  12:52  Supply Depot  
  68  12:54  SCV  
  68  12:55  SCV  
  68  12:57  Wraith  
  68  12:59  Wraith  
  74  13:07  SCV, Science Vessel  
  74  13:09  SCV  
  78  13:10  Supply Depot  
  78  13:21  SCV  
  78  13:23  SCV  
  78  13:25  Wraith  
  82  13:34  SCV  
  82  13:37  Wraith  
  79  14:24  Wraith x3  
  79  14:25  Wraith  
  85  14:39  SCV  
  86  14:53  SCV  
  87  15:04  Wraith x3  
  87  15:05  Wraith  
  87  15:06  SCV  
  96  15:20  SCV  
  97  15:33  SCV  
  98  15:41  Terran Vehicle and Ship Weapons Level 1  
  98  15:44  Hi-Sec Auto Tracking  
  98  15:47  SCV  
  99  15:56  Supply Depot  
  99  15:59  Supply Depot  
  99  16:00  SCV  
  99  16:05  Supply Depot  
  100  16:14  SCV  
  101  16:37  Wraith x3  
  101  16:38  Wraith  
  109  16:44  Structure Armor  
  101  17:17  Wraith  
  101  17:34  Science Vessel, Wraith  
  101  17:35  Science Vessel  
  107  17:44  KMC Auto-Loaders  
  107  17:46  Supply Depot  
  107  17:57  Wraith  
  109  18:03  Supply Depot  
  109  18:14  Science Vessel  
  111  18:20  Supply Depot, Advanced Optics  
  111  18:22  Wraith  
  111  18:23  Science Vessel  
  115  18:30  Pulse Amplifier  
  115  18:37  Wraith  
  117  18:40  Displacement Field  
  117  19:02  Science Vessel, Wraith  
  117  19:10  Science Vessel  
  117  19:17  Science Vessel  
  121  19:30  Improved Nano-Repair  
  121  19:42  Science Vessel  
  123  20:09  Supply Depot  
  123  20:11  Supply Depot x2  
  123  20:13  Science Vessel, Wraith  
  123  20:14  Wraith  
  129  20:20  Terran Vehicle And Ship Armor Level 1  
  129  20:30  Defensive Matrix, Science Vessel  
  131  20:53  Wraith  
  131  21:42  Wraith x2  
  131  21:43  Wraith x2  
  137  22:09  Perdition Turret  
  136  22:10  Perdition Turret x2  
  134  22:22  Wraith x2  
  134  22:23  Wraith x2  
  142  22:44  Supply Depot  
  142  23:00  Supply Depot  
  142  23:01  Supply Depot  
  142  23:02  Wraith x3  
  142  23:03  Science Vessel, Devastation Turret  
  146  23:36  Perdition Turret  
  146  23:39  Spinning Dizzy  
  146  23:42  Science Vessel, Wraith x2  
  152  23:51  Science Vessel  
  154  24:22  Wraith  
Show
View Real Time Build Order
Export as new Build Order

mevlamu Protoss 

Build Orders:  

Get SALT Encoding   

  12  0:05  Probe (Chrono Boost)  
  13  0:19  Probe (Chrono Boost)  
  14  0:31  Pylon  
  14  0:33  Probe (Chrono Boost)  
  15  0:49  Assimilator  
  15  0:55  Probe (Chrono Boost), Assimilator  
  16  1:09  Probe (Chrono Boost)  
  16  1:19  Dark Pylon  
  17  1:23  Probe (Chrono Boost)  
  18  1:30  Gateway  
  18  1:36  Pylon  
  18  1:37  Probe (Chrono Boost)  
  19  1:54  Probe (Chrono Boost)  
  20  2:08  Probe (Chrono Boost)  
  21  2:22  Probe (Chrono Boost)  
  22  2:36  Probe (Chrono Boost)  
  22  2:37  Cybernetics Core  
  23  2:43  Gateway  
  23  2:47  Centurion  
  25  2:50  Probe (Chrono Boost)  
  26  3:04  Pylon  
  26  3:08  Probe (Chrono Boost)  
  27  3:27  Centurion  
  29  3:31  Warp Gate  
  29  3:39  Forge  
  29  3:41  Forge  
  29  3:44  Probe (Chrono Boost)  
  30  4:01  Centurion  
  30  4:02  Probe (Chrono Boost)  
  33  4:28  Protoss Ground Armor Level 1  
  33  4:29  Protoss Shields Level 1  
  33  4:30  Probe (Chrono Boost)  
  34  4:41  Pylon  
  34  5:08  Nexus  
  34  5:13  Probe (Chrono Boost)  
  35  5:24  Twilight Council  
  35  5:29  Pylon  
  35  5:30  Probe (Chrono Boost)  
  35  5:38  Centurion  
  35  5:39  Centurion  
  40  5:44  Probe (Chrono Boost)  
  41  6:19  Dark Shrine  
  41  6:20  Darkcoil  
  41  6:26  Probe (Chrono Boost)  
  42  6:35  Gateway  
  42  6:39  Stargate  
  42  6:44  Stargate  
  42  7:08  Protoss Ground Weapons Level 1  
  42  7:10  Protoss Shields Level 2  
  42  7:12  Probe (Chrono Boost)  
  42  7:15  Probe (Chrono Boost)  
  44  7:20  Assimilator  
  44  7:24  Assimilator  
  44  7:25  Oracle  
  44  7:26  Probe (Chrono Boost)  
  44  7:29  Probe (Chrono Boost)  
  45  7:36  Void Stasis  
  46  7:40  Probe (Chrono Boost)  
  46  7:43  Probe (Chrono Boost)  
  51  7:57  Probe (Chrono Boost), Dark Archon  
  56  8:09  Corsair  
  58  8:11  Probe (Chrono Boost)  
  57  8:43  Shadow Charge  
  57  8:47  Corsair  
  57  9:29  Pylon  
  57  9:33  Dark Pylon  
  58  9:40  Probe (Chrono Boost)  
  58  9:54  Protoss Ground Armor Level 2  
  58  10:00  Corsair  
  58  10:01  Corsair  
  58  10:05  Dark Archon  
  58  10:06  Dark Archon  
  58  10:07  Centurion  
  70  10:54  Centurion x2  
  70  10:55  Centurion  
  76  11:00  Corsair x2  
  80  11:24  Oracle  
  80  11:41  Protoss Air Weapons Level 1  
  80  11:42  Corsair  
  83  12:06  Centurion  
  85  12:14  Pylon  
  85  12:18  Pylon  
  85  12:22  Pylon  
  85  12:33  Pylon  
  85  12:38  Pylon  
  85  12:43  Gateway  
  85  12:46  Gateway  
  85  12:48  Stargate  
  85  13:03  Dark Archon  
  85  13:05  Dark Archon, Centurion  
  95  13:21  Corsair x2  
  95  13:24  Probe (Chrono Boost)  
  100  13:30  Protoss Shields Level 3  
  100  13:31  Protoss Ground Armor Level 3  
  100  13:48  Shadow Fury  
  100  14:21  Protoss Air Armor Level 1  
  96  15:01  Centurion x2  
  96  15:03  Centurion  
  96  15:04  Dark Archon  
  96  15:06  Corsair  
  108  15:11  Corsair  
  108  15:15  Corsair  
  112  15:20  Dark Templar  
  114  15:47  Corsair  
  114  15:48  Corsair  
  118  16:00  Fleet Beacon  
  118  16:49  Dark Pylon  
  118  16:58  Dark Templar  
  118  16:59  Dark Templar, Centurion  
  124  17:00  Centurion x2, Protoss Air Weapons Level 2  
  122  17:39  Dark Templar  
  124  17:41  Dark Templar  
  124  17:42  Dark Archon  
  130  17:50  Disruption Web  
  130  17:54  Protoss Ground Weapons Level 2  
  130  18:28  Centurion x2  
  130  19:58  Centurion  
  130  19:59  Centurion  
  134  20:17  Protoss Air Armor Level 2  
  132  22:59  Pylon  
  132  23:05  Pylon  
  132  23:09  Pylon  
  132  23:12  Pylon  
  132  23:19  Pylon  
  132  23:24  Pylon  
  132  23:28  Pylon  
  132  24:10  Centurion  
  132  24:11  Centurion  
  132  24:13  Dark Templar  
  132  24:14  Dark Templar  
  132  24:15  Centurion  
  142  24:20  Corsair x3  
Tags
 
Commander
SwannVorazun
Matchup
Co-op
Replay Pack
Multiplayer
Add a new tag
Caveats
  • Supply blocks, unpowered buildings, or Contaminate may cause inaccurate times.
  • Supply counts are checked every 10 seconds.